 Dungeon Crawl Stone Soup version 0.28-a0-683-ga8797d1ae1 (webtiles) character file.

Game seed: 11095617154289544529

4653 lawman0 the Summoner (level 10, 0/106 HPs)
             Began as a Barachi Summoner on Oct 18, 2021.
             Was a Follower of Sif Muna.
             Slain by a chaos spawn (11 damage)
             ... in a Gauntlet.
             The game lasted 00:24:37 (9749 turns).

lawman0 the Summoner (Barachi Summoner)             Turns: 9749, Time: 00:24:38

Health: 0/106      AC: 25    Str:  8 (10) XL:     10   Next: 43%
Magic:  11/20      EV:  2    Int: 16 (19) God:    Sif Muna [*.....]
Gold:   754        SH:  0    Dex:  9 (12) Spells: 12/22 levels left

rFire   . . .      SeeInvis .   a - +4 long sword (vorpal)
rCold   . . .      Faith    .   (no shield)
rNeg    . . .      Spirit   .   (armour currently unavailable)
rPois   +          Reflect  .   (helmet currently unavailable)
rElec   .          Harm     .   (cloak currently unavailable)
rCorr   .          Rampage  .   (gloves currently unavailable)
Will    .....      NoTele   +   (boots currently unavailable)
Stlth   ++........              r - amulet of magic regeneration
HPRegen 0.27/turn               h - +4 ring of slaying
MPRegen 0.42/turn               u - ring of flight

@: tree-form, studying Earth Magic
A: stationary, stasis, torment immunity, boosted hp, (amphibious), (slowness 1),
(strong legs 1), +LOS
a: Renounce Religion, Channel Magic


You were in a Gauntlet.
You worshipped Sif Muna.
Sif Muna was aware of your devotion.
You were a tree.
You visited 3 branches of the dungeon, and saw 10 of its levels.
You also visited: Gauntlet.

You collected 880 gold pieces.
You spent 126 gold pieces at shops.

Inventory:

Hand Weapons
 a - a +4 vorpal long sword (weapon)
 A - a +2 long sword of flaming
Missiles
 c - a throwing net
 C - a curare-tipped dart
Armour
 f - a +2 pair of boots (melded)
 x - a +0 pair of gloves of strength (melded)
 B - +0 swamp dragon scales (melded)
Jewellery
 h - a +4 ring of slaying (left branch)
 r - an amulet of magic regeneration (around neck)
 u - a ring of flight (right branch)
Wands
 v - a wand of charming (9)
 D - a wand of iceblast (5)
 E - a wand of polymorph (8)
Scrolls
 k - a scroll of fog
 l - a scroll of immolation
 m - 2 scrolls of amnesia
 n - 2 scrolls of fear
 z - 2 scrolls of teleportation
Potions
 b - 2 potions of mutation
 d - a potion of invisibility {unknown}
 e - a potion of haste {unknown}
 i - 2 potions of lignification
 o - 3 potions of might
 p - a potion of brilliance {unknown}
 q - a potion of attraction {unknown}
 s - a potion of ambrosia {unknown}
 w - 3 potions of resistance


   Skills:
 + Level 4.1 Fighting
 - Level 0.5(2.4) Short Blades
 + Level 4.2(4.3) Long Blades
 + Level 5.1 Armour
 + Level 3.6 Dodging
 + Level 3.3 Stealth
 + Level 6.8 Spellcasting
 * Level 11.9 Summonings
 * Level 6.1 Air Magic


You had 12 spell levels left.
You knew the following spells:

 Your Spells              Type           Power      Damage    Failure   Level
a - Summon Small Mammal   Summ           100%       N/A       1%          1
b - Call Imp              Summ           43%        N/A       1%          2
c - Call Canine Familiar  Summ           43%        N/A       1%          3
d - Summon Lightning Spi  Summ/Air       34%        N/A       3%          4

Your spell library contained the following spells:

 Spells                   Type           Power      Damage    Failure   Level
 Summon Guardian Golem    Hex/Summ       24%        N/A       3%          3
 Foxfire                  Conj/Fire      20%        2x1d5     13%         1
 Sublimation of Blood     Necr           2%         N/A       19%         2
 Conjure Flame            Conj/Fire      5%         6-21      36%         3
 Inner Flame              Hex/Fire       5%         N/A       36%         3
 Flame Wave               Conj/Fire      5%         3d4       77%         4
 Petrify                  Tmut/Erth      5%         N/A       77%         4
 Irradiate                Conj/Tmut      2%         3d14      98%         5


Dungeon Overview and Level Annotations

Branches:
Dungeon (8/15)             Temple (1/1) D:5            Lair (1/6) D:8
Gauntlet (1/1)

Altars:
Ashenzari
Cheibriados
Dithmenos
Fedhas
Gozag
Hepliaklqana
Kikubaaqudgha
Makhleb
Nemelex Xobeh
Okawaru
Qazlal
Ru
Sif Muna
Trog
Uskayaw
Vehumet
Wu Jian
Xom
Yredelemnul
Zin
The Shining One

Shops:
D:5 [   D:7 (

Annotations:
Gauntlet 11 transporters, 21 runed translucent doors


Innate Abilities, Weirdness & Mutations

You are a tree.
Your roots penetrate the ground, keeping you stationary.
You cannot be teleported.
You are immune to unholy pain and torment.
Your maximum health is greatly increased.
Your equipment is partially melded.
((You are amphibious.))
((You cover ground slowly.))
((You can hop short distances.))
You have an extended range of vision and can be seen from far away.


Message History

Your hound barely misses the chaos spawn.
The neqoxec hits your hound! The chaos spawn barely misses you.
The chaos spawn hits you. The chaos spawn freezes you!
Your hound misses the neqoxec. The chaos spawn hits you!
The chaos spawn freezes you!
* * * LOW HITPOINT WARNING * * *
Unknown command.
Unknown command.
You feel very sick.
Your hound closely misses the neqoxec.
The neqoxec barely misses your hound.
The chaos spawn gores your lightning spire but does no damage.
Your hound bites the neqoxec.
You see here a fuming yellow potion.
Unknown command.
Unknown command.
You feel better.
The chaos spawn hits your lightning spire.
The chaos spawn freezes your lightning spire.
Your lightning spire resists.
Your hound bites the neqoxec.
The chaos spawn hits you!
* * * LOW HITPOINT WARNING * * *
You feel your power leaking away.
The chaos spawn hits you but does no damage.
Really quaff the potion of lignification?
You turn into a tree.
Your +0 pair of gloves of strength melds into your body.
Your +2 pair of boots melds into your body.
Your +0 swamp dragon scales melds into your body.
You feel weaker.
Your roots penetrate the ground.
Your hound bites the neqoxec but does no damage.
The chaos spawn hits your lightning spire.
Your lightning spire is engulfed in flames.
Your lightning spire resists.
The chaos spawn gores you.
* * * LOW HITPOINT WARNING * * *
The chaos spawn shocks you!
* * * LOW HITPOINT WARNING * * *
The chaos spawn hits you!
You die...

#..##.......##...#5...#
###..#.#.....#.#.∩.#5..#.
#8#..#..#.4.#..#...#3.#.©
###..#...#©#...#...#5#..#
#..#...8#....#...##..#.
###..#...#.#...#...#..#..
#8#..#..#3..#..#...#.#5.#
###..#.#444h.#.#...##..#.
#..##.♣8©?..##...#5[#.©
###..###########...######
#8#.....#.©.#....≈....#.©
###...8.#...#...≈8§...#..
#.....#.©.#....≈....#.©
###..###########...######
#8#..#..+.©.+..#...#gx...
###..#..+...+..#...#g..##
#..#++#+#+#++#...#....#


You could see a neqoxec (ally target), 3 chaos spawn, a friendly lightning spire
(summoned) and a friendly hound (summoned).

Vanquished Creatures
  2 yaks (D:8)
  A water moccasin (D:6)
  A necrophage (D:7)
  2 bullfrogs
  A howler monkey (D:8)
  A bullfrog zombie (D:6)
  2 centaur zombies
  A hound (D:7)
  An orc priest (D:3)
  4 orc wizards
  A hound skeleton (D:2)
  A howler monkey zombie (D:6)
  3 gnolls
  6 adders
  A white imp (D:5)
  2 dart slugs
  7 orcs
  3 bats
  5 endoplasms
  10 giant cockroaches
  4 goblins
  3 hobgoblins
  9 jackals
  9 kobolds
  6 ball pythons
  3 frilled lizards
  3 rats
92 creatures vanquished.

Vanquished Creatures (collateral kills)
  Maggie (D:6)
  2 komodo dragons (D:8)
  A basilisk (Lair:1)
  3 yaks (D:8)
  A steam dragon (D:8)
  3 water moccasins
  A sky beast (D:7)
  A black bear (D:6)
  2 ogres
  A necrophage (D:5)
  A centaur (D:8)
  2 kobold brigands
  2 scorpions (D:4)
  A water moccasin skeleton (D:4)
  2 wights (D:7)
  A howler monkey (D:8)
  7 hounds
  A centaur zombie (D:8)
  4 orc priests
  A jelly (D:8)
  A bullfrog skeleton (D:5)
  2 gnoll shamans
  2 iguanas
  Ijyb (D:4)
  2 orc wizards
  A hound skeleton (D:4)
  A hound zombie (D:5)
  An adder (D:2)
  12 gnolls
  A shadow imp (D:6)
  2 white imps (D:6)
  A worm (D:4)
  4 dart slugs
  14 orcs
  An endoplasm (D:1)
  3 giant cockroaches (D:2)
  3 goblins
  2 hobgoblins
  A jackal (D:5)
  4 ball pythons
  4 bats
  2 frilled lizards
  6 kobolds
  5 rats
114 creatures vanquished.

Vanquished Creatures (others)
  An orc wizard (D:6)
  A fungus (D:1)
  43 plants (D:8)
  13 withered plants (Gauntlet)
58 creatures vanquished.

Grand Total: 264 creatures vanquished

Notes
Turn   | Place    | Note
-------+----------+-------------------------------------------
     0 | D:1      | lawman0 the Barachi Summoner began the quest for the Orb.
     0 | D:1      | Reached XP level 1. HP: 13/13 MP: 3/3
   159 | D:1      | Reached skill level 5 in Summonings
   306 | D:1      | Reached XP level 2. HP: 18/19 MP: 3/5
   797 | D:1      | Reached XP level 3. HP: 24/24 MP: 3/6
   862 | D:1      | Learned a level 2 spell: Call Imp
   866 | D:1      | Learned a level 3 spell: Call Canine Familiar
  1438 | D:2      | Reached XP level 4. HP: 31/31 MP: 6/8
  1557 | D:2      | Reached skill level 1 in Fighting
  1568 | D:2      | Reached skill level 1 in Armour
  1738 | D:2      | Reached skill level 6 in Summonings
  1764 | D:2      | Reached XP level 5. HP: 17/37 MP: 2/9
  2797 | D:3      | Noticed an ogre
  2811 | D:3      | Killed an ogre
  2812 | D:3      | Reached XP level 6. HP: 32/44 MP: 1/10
  2951 | D:3      | Reached skill level 7 in Summonings
  3053 | D:3      | Learned a level 4 spell: Summon Lightning Spire
  3099 | D:3      | Found a faded altar of an unknown god.
  4005 | D:4      | Reached XP level 7. HP: 49/49 MP: 7/12
  4084 | D:4      | Reached skill level 1 in Air Magic
  4527 | D:4      | Noticed Ijyb
  4538 | D:4      | Killed Ijyb
  4607 | D:4      | Reached skill level 8 in Summonings
  4945 | D:5      | Entered Level 5 of the Dungeon
  5015 | D:5      | Reached XP level 8. HP: 35/57 MP: 14/14
  5250 | D:5      | Found Xemoist's Armour Emporium.
  5271 | D:5      | Bought a +0 pair of gloves of strength for 126 gold pieces
  5359 | D:5      | Found a staircase to the Ecumenical Temple.
  5829 | Temple   | Entered the Ecumenical Temple
  6115 | Temple   | Became a worshipper of Sif Muna the Loreminder
  6386 | D:6      | Noticed Maggie
  6394 | D:6      | Killed Maggie
  6395 | D:6      | Reached skill level 5 in Spellcasting
  6395 | D:6      | Reached skill level 9 in Summonings
  6513 | D:6      | Found a stormy altar of Qazlal.
  6543 | D:6      | Reached skill level 10 in Summonings
  6543 | D:6      | Reached XP level 9. HP: 52/63 MP: 7/17
  6659 | D:6      | Reached * piety under Sif Muna
  6839 | D:6      | Found a sparkling altar of Nemelex Xobeh.
  6890 | D:6      | Found a glowing silver altar of Zin.
  7049 | D:7      | Identified a scroll of acquirement
  7050 | D:7      | Acquired 398 gold pieces
  7058 | D:7      | Found Muehad's Weapon Shop.
  7160 | D:7      | Reached skill level 1 in Long Blades
  7720 | D:7      | Reached skill level 5 in Air Magic
  8024 | D:7      | oh
  8052 | D:8      | Reached skill level 11 in Summonings
  8158 | D:8      | Reached XP level 10. HP: 46/70 MP: 17/19
  8594 | D:8      | Reached ** piety under Sif Muna
  8880 | D:8      | Found a staircase to the Lair.
  8890 | D:8      | Reached skill level 5 in Armour
  9390 | Lair:1   | Entered Level 1 of the Lair of Beasts
  9399 | Lair:1   | Noticed a cane toad
  9439 | Lair:1   | Found a gate leading to a gauntlet.
  9451 | Gauntlet | Entered a Gauntlet
  9451 | Gauntlet | Found a transporter.
  9451 | Gauntlet | Found a transporter.
  9452 | Gauntlet | Found a transporter.
  9453 | Gauntlet | Noticed a soul eater
  9454 | Gauntlet | Found a transporter.
  9455 | Gauntlet | Found a transporter.
  9455 | Gauntlet | Found a transporter.
  9456 | Gauntlet | Found a large runed translucent door.
  9457 | Gauntlet | Found a large runed translucent door.
  9458 | Gauntlet | Found a large runed translucent door.
  9458 | Gauntlet | Found a large runed translucent door.
  9458 | Gauntlet | Found a runed translucent door.
  9459 | Gauntlet | Found a large runed translucent door.
  9460 | Gauntlet | Found a large runed translucent door.
  9461 | Gauntlet | Found a large runed translucent door.
  9461 | Gauntlet | Found a large runed translucent door.
  9462 | Gauntlet | Found a runed translucent gate.
  9463 | Gauntlet | Found a runed translucent gate.
  9464 | Gauntlet | Found a runed translucent door.
  9464 | Gauntlet | Found a runed translucent gate.
  9464 | Gauntlet | Found a transporter.
  9464 | Gauntlet | Found a transporter.
  9465 | Gauntlet | Found a large runed translucent door.
  9465 | Gauntlet | Found a large runed translucent door.
  9465 | Gauntlet | Found a large runed translucent door.
  9465 | Gauntlet | Found a large runed translucent door.
  9468 | Gauntlet | Found a transporter.
  9468 | Gauntlet | Found a transporter.
  9470 | Gauntlet | Noticed a moth of wrath
  9471 | Gauntlet | Noticed a quicksilver ooze
  9472 | Gauntlet | Noticed a worldbinder
  9478 | Gauntlet | Found a transporter.
  9480 | Gauntlet | Found a transporter.
  9514 | Gauntlet | Found a large runed translucent door.
  9514 | Gauntlet | Found a large runed translucent door.
  9517 | Gauntlet | Found a large runed translucent door.
  9517 | Gauntlet | Found a large runed translucent door.
  9749 | Gauntlet | Slain by a chaos spawn

Illustrated notes

.......# #.# #.#
#.# .####### #.#
##.## #.# .# #<#
#...# #########.#
.# #.# #.#.#
#.........# .# #.#
#...# #.#########
.##########.#
##.## #.#
..........(.# #.#
#.#
################.#
#.# ......#
#....@# #.####
.####.# #)#####
#....# .# #.# #.#
#....# .# #.# #.#
##...# #####.# #.#
##.## # #...# #.#
###.#######
###.### #.#
#.......... .....#
#.# #.#.#######
###..# #.# #.#.#


Turn 8024 on D:7: oh

Levels and vault maps discovered:
D:1:      dpeg_cavernosity, layout_rooms
D:2:      minmay_roachtagon, layout_basic, minmay_cut_off
D:3:      layout_basic, hellmonk_ecumenical_altar_prayer_group,
          kennysheep_potato
D:4:      layout_rooms, minmay_misc_feat_enclosed, uniq_ijyb
D:5:      layout_rooms, minmay_temple_entry_large_hall, serial_shops, shop
D:6:      layout_basic, nemelex_xobeh_ov_fountains_minmay, lemuel_round_altar,
          mainiacjoe_overflow_paths, grunt_ministairs_12, uniq_maggie
D:7:      layout_loops_ring, serial_shops, nicolae_shop_crystal,
          corexii_hall_statues_t, minmay_manual_mandibuliform
D:8:      layout_loops_ring, david_lair_shrubbed, serial_bayou,
          serial_bayou_crossing, serial_bayou_pond_c, serial_bayou_pond_a,
          serial_bayou_pond_a
Temple:   dpeg_five_rooms_temple
Lair:1:   layout_gridlike, gauntlet_entry_generic, beast_lair_carwin_11,
          grunt_megastairs_3
Gauntlet: gammafunk_gauntlet_hard_choice [gammafunk_gauntlet_arena_arrow_garden,
          nicolae_gauntlet_arena_x, nicolae_gauntlet_arena_t_cross,
          minmay_gauntlet_arena_make_your_own_arena,
          gammafunk_gauntlet_arena_teeth, nicolae_gauntlet_arena_flowing_pool,
          gauntlet_exit_watery]

Skill      XL: |  1  2  3  4  5  6  7  8  9 10 |
---------------+-------------------------------+-----
Summonings     | 5 6 7 8 10 11 | 11.9
Stealth        | 2 3 |  3.3
Fighting       | 1 2 3 4 |  4.1
Armour         | 1 2 3 4 5 |  5.1
Spellcasting   | 3 4 5 6 |  6.8
Air Magic      | 2 3 5 6 |  6.1
Dodging        | 3 |  3.6
Long Blades    | 3 4 |  4.2
Short Blades   | |  0.5

Action                   |  1- 3 |  4- 6 |  7- 9 | 10-12 || total
-------------------------+-------+-------+-------+-------++-------
Melee: Dagger            |    28 |       |       |       ||    28
       Unarmed           |     3 |       |       |       ||     3
       Rapier            |    35 |    65 |       |       ||   100
       Flail             |       |    20 |    56 |       ||    76
       Long sword        |       |       |    58 |    20 ||    78
 Cast: Summon Small Mamm |    19 |       |       |       ||    19
       Call Canine Famil |     2 |    18 |    24 |     2 ||    46
       Call Imp          |     1 |    13 |    10 |     1 ||    25
       Summon Lightning  |       |       |    21 |    11 ||    32
 Abil: Hop               |     1 |     1 |     1 |       ||     3
  Use: Scroll            |       |     6 |     4 |     1 ||    11
       Potion            |       |       |       |     7 ||     7
 Stab: Sleeping          |     4 |     1 |     2 |       ||     7
       Distracted        |       |       |     2 |     1 ||     3
Armor: Leather armour    |    30 |    39 |     7 |       ||    76
       Swamp dragon scal |       |       |    46 |     9 ||    55
Dodge: Dodged            |    60 |    79 |    95 |    23 ||   257

Table legend: (Time is in decaauts)
 A = Elapsed time spent in this place.
 B = Non-inter-level travel time spent in this place.
 C = Inter-level travel time spent in this place.
 D = Time resting spent in this place.
 E = Time spent auto-exploring this place.
 F = Levels seen in this place.
 G = Mean time per level.
                   A        B        C        D        E       F      G
               +--------+--------+--------+--------+--------+-----+--------+
         Total |  10946 |  10626 |    320 |    845 |   7436 |  11 |  995.1 |
       Dungeon |  10143 |   9917 |    226 |    845 |   7165 |   8 | 1267.9 |
        Temple |    377 |    283 |     94 |      0 |    271 |   1 |  377.0 |
          Lair |     70 |     70 |      0 |      0 |      0 |   1 |   70.0 |
      Gauntlet |    355 |    355 |      0 |      0 |      0 |   1 |  355.0 |
               +--------+--------+--------+--------+--------+-----+--------+

Top non-repeatable levels by time:
     D:8: 1504 daAuts
     D:2: 1481 daAuts
     D:1: 1451 daAuts
     D:3: 1421 daAuts
     D:7: 1146 daAuts
     D:4: 1140 daAuts
     D:5: 1001 daAuts
     D:6: 997 daAuts
  Temple: 377 daAuts
Gauntlet: 355 daAuts
  Lair:1: 70 daAuts
